 Dungeon Crawl Stone Soup version 0.32-a0-673-g3729bd50f8 (webtiles) character file.

Game seed: 13411210589440598644

2968 Strat the Destroyer (level 9, 0/45 HPs)
             Began as a Deep Elf Conjurer on Mar 10, 2024.
             Was a Follower of Hepliaklqana.
             Slain by Joseph
             ... wielding a +0 quarterstaff of speed
              (11 damage)
             ... on level 8 of the Dungeon.
             The game lasted 00:31:51 (12116 turns).

Strat the Destroyer (Deep Elf Conjurer)            Turns: 12116, Time: 00:31:52

Health: 0/45       AC: 10    Str:  6    XL:     9   Next: 52%
Magic:  17/23      EV: 31    Int: 28    God:    Hepliaklqana [*.....]
Gold:   533        SH:  0    Dex: 19    Spells: 14/25 levels left

rFire   + + .        a - +3 dagger (venom)
rCold   . . .        (no shield)
rNeg    + . .        q - +0 steam dragon scales
rPois   .            (no helmet)
rElec   .            G - +0 cloak
rCorr   .            x - +2 pair of gloves
SInv    .            C - +0 pair of boots
Will    .....        m - amulet of the acrobat
Stlth   +++          l - ring of positive energy
HPRegen 0.27/turn    F - ring "Kimatt" {Fly rF++ Will- Str+2 Dex+6}
MPRegen 0.18/turn

%: acrobat
@: acrobatic, flying
A: reduced essence
a: Renounce Religion, Recall Ancestor, Ancestor Identity


You were on level 8 of the Dungeon.
You worshipped Hepliaklqana.
Hepliaklqana was aware of your devotion.
You visited 2 branches of the dungeon, and saw 10 of its levels.
You also visited: Sewer.

You collected 603 gold pieces.
You spent 70 gold pieces at shops.

Inventory:

Hand Weapons
 a - a +3 dagger of venom (weapon)
 b - a +4 short sword of electrocution
Missiles
 f - 2 throwing nets
 h - 16 poisoned darts
 D - 7 curare-tipped darts
 E - 2 darts of dispersal
Armour
 q - +0 steam dragon scales (worn)
 s - a +0 buckler
 v - a +3 leather armour of poison resistance
 x - a +2 pair of gloves (worn)
 C - a +0 pair of boots (worn)
 G - a +0 cloak (worn)
Jewellery
 l - a ring of positive energy (left hand)
 m - an amulet of the acrobat (around neck)
 w - a ring of ice
 F - the ring "Kimatt" (right hand) {Fly rF++ Will- Str+2 Dex+6}
   (You took it off an orc priest on level 7 of the Dungeon)

   [ring of dexterity]

   Str+2:     It affects your strength (+2).
   Dex+6:     It affects your dexterity (+6).
   rF++:      It greatly protects you from fire.
   Will-:     It decreases your willpower.
   Fly:       It grants you flight.
 I - a ring of see invisible
Wands
 u - a wand of charming (19)
Scrolls
 c - 2 scrolls of poison
 j - 2 scrolls of blinking
 n - a scroll of immolation
 r - a scroll of vulnerability
 t - 3 scrolls of identify
 y - 3 scrolls of enchant armour
 H - a scroll of butterflies
Potions
 d - 2 potions of heal wounds
 e - 2 potions of cancellation
 g - 5 potions of curing
 i - a potion of mutation {unknown}
 k - a potion of lignification {unknown}
 o - 3 potions of berserk rage
 p - a potion of magic
 z - a potion of ambrosia {unknown}
 A - a potion of invisibility {unknown}
 B - 2 potions of attraction {unknown}


   Skills:
 + Level 3.6 Fighting
 * Level 6.5 Dodging
 - Level 3.7 Stealth
 * Level 8.9 Spellcasting
 * Level 9.5 Conjurations
 - Level 3.0 Translocations
 - Level 4.0 Alchemy


You had 14 spell levels left.
You knew the following spells:

 Your Spells              Type           Power      Damage    Failure   Level
a - Magic Dart            Conj           100%       1d8       1%          1
b - Searing Ray           Conj           100%       2d8       1%          2
c - Fulminant Prism       Conj/Alch      25%        3d14      2%          4
d - Iskenderun's Mystic   Conj/Tloc      47%        2d10      3%          4

Your spell library contained the following spells:

 Spells                   Type           Power      Damage    Failure   Level
 Kiss of Death            Conj/Necr      100%       2d13      1%          1
 Hailstorm                Conj/Ice       39%        3d9       1%          3
 Freeze                   Ice            48%        1d6       4%          1
 Necrotise                Necr           48%        1d6       4%          1
 Ensorcelled Hibernation  Hex/Ice        24%        N/A       7%          2
 Confusing Touch          Hex            12%        N/A       14%         3
 Frozen Ramparts          Ice            24%        1d4       14%         3
 Fugue of the Fallen      Necr           12%        N/A       14%         3
 Passwall                 Erth           12%        N/A       14%         3
 Swiftness                Air            12%        N/A       14%         3
 Vampiric Draining        Necr           12%        2d6       14%         3
 Anguish                  Hex/Necr       6%         N/A       41%         4
 Animate Armour           Summ/Erth      24%        N/A       41%         4
 Dispel Undead            Necr           12%        3d9       41%         4
 Martyr's Knell           Necr/Summ      12%        N/A       41%         4
 Summon Lightning Spire   Summ/Air       12%        N/A       41%         4
 Summon Forest            Summ/Tloc      10%        N/A       56%         5
 Curse of Agony           Necr           12%        N/A       77%         5
 Lee's Rapid Deconstruct  Erth           6%         3d6*      77%         5
 Eringya's Noxious Bog    Alch           17%        4d6       80%         6
 Summon Hydra             Summ           6%         N/A       100%        7


Dungeon Overview and Level Annotations

Branches:
Dungeon (9/15)             Temple (1/1) D:4           Sewer (visited)
   Lair: D:8-11         Orc: D:9-12

Altars:
Ashenzari
Cheibriados
Dithmenos
Elyvilon
Fedhas
Gozag
Hepliaklqana
Kikubaaqudgha
Makhleb
Nemelex Xobeh
Okawaru
Qazlal
Ru
Sif Muna
Trog
Uskayaw
Vehumet
Wu Jian
Xom
Yredelemnul
Zin
The Shining One

Shops:
D:1 (=(?=   D:2 :   D:4 **

Annotations:
D:8 Joseph


Message History

Confirm with . or Enter, or press ? or * to list all spells.
Aiming: Searing Ray (safe; 1% risk of failure)
Press: ? - help, Shift-Dir - straight line, f - Joseph
Aim: Joseph, wielding a +0 sling and wearing a +0 leather armour (not watching you, ally target, 83% to hit)
The searing ray hits Joseph!
Joseph is lightly wounded. (Press . to maintain the ray.) Joseph shoots a sling bullet.
The sling bullet hits you.
The searing ray hits Joseph.
Joseph is moderately wounded.
Duvessa barely misses Joseph.
You hit Joseph.
Joseph is moderately wounded.
Joseph unwields a +0 sling.
Joseph wields a +0 quarterstaff of speed.
Joseph hits you but does no damage.
Duvessa closely misses Joseph.
You barely miss Joseph.
Joseph is moderately wounded.
Joseph hits you with a +0 quarterstaff of speed!
* * * LOW HITPOINT WARNING * * *
Joseph hits you with a +0 quarterstaff of speed.
* * * LOW HITPOINT WARNING * * *
Duvessa hits Joseph but does no damage.
Casting: Searing Ray (safe; 1% risk of failure)
Confirm with . or Enter, or press ? or * to list all spells.
Aiming: Searing Ray (safe; 1% risk of failure)
Press: ? - help, Shift-Dir - straight line, f/p - Joseph
Aim: Joseph, wielding a +0 quarterstaff of speed and wearing a +0 leather armour (moderately wounded, ally target, 83% to hit)
The searing ray hits Joseph.
Joseph is heavily wounded. (Press . to maintain the ray.) Joseph misses you.
Duvessa hits Joseph.
The searing ray hits Joseph!
Joseph is severely wounded.
Joseph hits you with a +0 quarterstaff of speed!
* * * LOW HITPOINT WARNING * * *
Joseph says, "You will never get the ORB, sorry."
Joseph hits you with a +0 quarterstaff of speed!
You die...
Hepliaklqana delivers you to your ancestors.

........... ............#........
.................>.>....##.......
.....................#....####..#
##..................##...## #...
..........#.........#....# #...
.........##..............## ####
..........................#
...............@########..# .....
.........R@##.###..## .....
.......!............# ##...
[...............##..#
#..###...............######
#........................# ....#
#.#................#
....##..##..##............#
............ #.......#..###
........... ##.....##...#


You could see the friendly Duvessa the ancestor and Joseph (ally target).

Vanquished Creatures
  2 steam dragons (D:6)
  4 water moccasins
  2 ice beasts
  2 orc warriors (D:6)
  A sky beast (D:7)
  A black bear (D:4)
  A centaur (D:8)
  2 bullfrogs
  3 scorpions
  5 howler monkeys
  2 hounds (D:5)
  A bombardier beetle (D:2)
  5 orc priests
  2 gnoll boudas
  4 jellies
  4 iguanas
  Ijyb (D:3)
  7 orc wizards
  17 gnolls
  7 adders
  A shadow imp (D:4)
  A white imp (D:6)
  10 dart slugs
  3 ribbon worms
  19 orcs
  8 endoplasms
  11 giant cockroaches
  6 goblins
  6 hobgoblins
  5 jackals (D:4)
  2 quokkas
  13 ball pythons
  2 bats
  10 frilled lizards
  6 kobolds
  8 rats
184 creatures vanquished.

Vanquished Creatures (others)
  2 gnolls
  11 fulminant prisms
13 creatures vanquished.

Grand Total: 197 creatures vanquished

Notes
Turn   | Place    | Note
-------+----------+-------------------------------------------
     0 | D:1      | Strat the Deep Elf Conjurer began the quest for the Orb.
     0 | D:1      | Reached XP level 1. HP: 10/10 MP: 6/6
    13 | D:1      | Found Zopoenaty's Magic Scroll Boutique.
    48 | D:1      | Found Rouric's Weapon Boutique.
   127 | D:1      | Found Ycsaocw's Weapon Shop.
   182 | D:1      | Found Obobrofu's Jewellery Emporium.
   417 | D:1      | Reached XP level 2. HP: 15/15 MP: 6/8
   425 | D:1      | Learned a level 2 spell: Searing Ray
   450 | D:1      | Reached skill level 5 in Conjurations
   689 | D:1      | Found Detuem's Jewellery Boutique.
   865 | D:1      | Found a faded altar of an unknown god.
  1262 | D:2      | Noticed a bombardier beetle
  1375 | D:2      | Reached XP level 3. HP: 19/19 MP: 6/9
  1446 | D:2      | Reached skill level 6 in Conjurations
  1797 | D:2      | Found Zadytufi's Book Shoppe.
  2056 | D:2      | Reached XP level 4. HP: 16/24 MP: 10/10
  2213 | D:1      | Bought a scroll of identify for 28 gold pieces
  2213 | D:1      | Bought a scroll of teleportation for 42 gold pieces
  2273 | D:3      | Learned a level 4 spell: Fulminant Prism
  2637 | D:3      | Noticed Ijyb
  2684 | D:3      | Killed Ijyb
  3183 | D:4      | Found Rouric's Assorted Antiques.
  3513 | D:4      | Found a glowing drain.
  3530 | D:4      | Reached XP level 5. HP: 16/28 MP: 8/12
  3581 | Sewer    | Entered a sewer
  3618 | Sewer    | Learned a level 4 spell: Iskenderun's Mystic Blast
  4144 | Sewer    | Reached skill level 1 in Alchemy
  4206 | Sewer    | Identified the staff of Supom {rElec rF+ Str+2 Hexes Fire}
  4489 | D:4      | Reached XP level 6. HP: 32/32 MP: 14/14
  4585 | D:4      | Reached skill level 7 in Conjurations
  4994 | D:4      | Found Phorydurgh's Practical Paraphernalia.
  5045 | D:4      | Reached skill level 5 in Spellcasting
  5301 | D:4      | Found a staircase to the Ecumenical Temple.
  5655 | D:4      | Reached XP level 7. HP: 36/36 MP: 8/17
  5801 | D:5      | Entered Level 5 of the Dungeon
  6913 | D:5      | Reached skill level 8 in Conjurations
  7095 | D:5      | Reached skill level 1 in Translocations
  7100 | D:5      | Reached skill level 1 in Fighting
  7257 | D:4      | Reached XP level 8. HP: 36/43 MP: 19/19
  8237 | D:6      | Found a stormy altar of Qazlal.
 10002 | D:6      | Reached skill level 5 in Dodging
 10066 | D:7      | Reached XP level 9. HP: 50/50 MP: 16/22
 10190 | D:7      | Identified the ring "Kimatt" {Fly rF++ Will- Str+2 Dex+6}
 10279 | D:7      | Reached skill level 9 in Conjurations
 10852 | D:8      | Noticed Joseph
 11226 | Temple   | Entered the Ecumenical Temple
 11265 | Temple   | Became a worshipper of Hepliaklqana the Forgotten
 11742 | D:8      | You are sucked into a shaft and drop 1 floor!
 11938 | D:9      | Found a glowing golden altar of the Shining One.
 12098 | D:8      | Reached * piety under Hepliaklqana
 12116 | D:8      | Slain by Joseph

Illustrated notes

Levels and vault maps discovered:
D:1:      dpeg_arrival_fog, layout_loops_ring, dreamdust_ecumenical_altar_grove,
          serial_shops, nicolae_shop_getting_attention,
          nicolae_shop_hallway_stairs, nicolae_square_shop, shop, shop,
          minmay_box_of_dots
D:2:      layout_loops_ring, serial_shops, nicolae_shop_tiny_waterfront,
          minmay_heptomino_w4
D:3:      layout_basic, uniq_ijyb
D:4:      minmay_chambers_of_fours, layout_loops_ring,
          minmay_temple_entry_statues_fountains, cheibrodos_sewer_entry_bend,
          nicolae_alphabet_shops, nicolae_stop_n_shop_2, feat_on_display
D:5:      layout_layer_cave, minmay_a_box_with_orc_wizards_in_it
D:6:      layout_cave_pods, lemuel_coloured_pillars_altar, minmay_door_square,
          nicolae_twisty_statue_hallways
D:7:      layout_gridville, chequers_ossuary_entry_cave, serial_park_tiny_1
D:8:      layout_cave_pools, uniq_joseph
D:9:      layout_basic, nicolae_tso_carved_into_rock, hangedman_decor_push,
          chequers_garden
Temple:   mainiacjoe_temple_big_plus

Skill      XL: |  1  2  3  4  5  6  7  8  9 |
---------------+----------------------------+-----
Conjurations   | 5 6 7 8 9 |  9.5
Stealth        | 3 |  3.7
Spellcasting   | 4 5 6 7 8 |  8.9
Alchemy        | 1 3 4 |  4.0
Translocations | 1 3 |  3.0
Fighting       | 1 3 |  3.6
Dodging        | 3 5 6 |  6.5

Action                     |  1- 3 |  4- 6 |  7- 9 || total
---------------------------+-------+-------+-------++-------
  Melee: Dagger            |    23 |    78 |    82 ||   183
   Cast: Magic Dart        |    25 |     5 |     2 ||    32
         Searing Ray       |    14 |    43 |    71 ||   128
         Fulminant Prism   |       |       |    11 ||    11
         Iskenderun's Myst |       |       |     1 ||     1
 Invoke: Ancestor Identity |       |       |     1 ||     1
    Use: Scroll            |       |     3 |    13 ||    16
         Potion            |       |       |     1 ||     1
   Stab: Sleeping          |     1 |     5 |       ||     6
 Armour: Robe              |    15 |     2 |       ||    17
         Leather armour    |       |    63 |    37 ||   100
         Steam dragon scal |       |       |    66 ||    66
  Dodge: Dodged            |    20 |    62 |   159 ||   241

Table legend: (Time is in decaauts)
 A = Elapsed time spent in this place.
 B = Non-inter-level travel time spent in this place.
 C = Inter-level travel time spent in this place.
 D = Time resting spent in this place.
 E = Time spent auto-exploring this place.
 F = Levels seen in this place.
 G = Mean time per level.
                   A        B        C        D        E       F      G
               +--------+--------+--------+--------+--------+-----+--------+
         Total |  12244 |  11362 |    882 |   2888 |   5843 |  11 | 1113.1 |
       Dungeon |  11219 |  10412 |    807 |   2704 |   5512 |   9 | 1246.6 |
        Temple |     77 |      2 |     75 |      0 |      0 |   1 |   77.0 |
         Sewer |    947 |    947 |      0 |    184 |    330 |   1 |  947.0 |
               +--------+--------+--------+--------+--------+-----+--------+

Top non-repeatable levels by time:
     D:6: 2476 daAuts
     D:4: 2010 daAuts
     D:5: 1946 daAuts
     D:1: 1201 daAuts
     D:2: 1039 daAuts
   Sewer: 947 daAuts
     D:3: 941 daAuts
     D:7: 806 daAuts
     D:8: 508 daAuts
     D:9: 288 daAuts
  Temple: 77 daAuts
